 Dungeon Crawl Stone Soup version 0.25.1-2-g60ff931df9 (webtiles) character file.

Game seed: 4314960300324117993

176633 nikku the Warrior (level 17, -5/144 HPs)
             Began as a Demonspawn Berserker on Aug 21, 2020.
             Was the Champion of Trog.
             Slain by a spark wasp (12 damage)
             ... on level 4 of the Spider Nest on Aug 22, 2020.
             The game lasted 01:49:48 (35644 turns).

nikku the Warrior (Demonspawn Berserker)           Turns: 35644, Time: 01:49:49

Health: -5/144     AC: 25    Str: 24      XL:     17   Next: 51%
Magic:  0/26       EV: 11    Int: 10      God:    Trog [******]
Gold:   1623       SH: 15    Dex: 23 (24) Spells: 16/16 levels left

rFire    + . .     SeeInvis .   a - +4 broad axe (venom)
rCold    + . .     Gourm    .   t - +3 buckler {AC+3}
rNeg     + + .     Faith    .   R - +5 scale mail of Whack-A-Mole {rF+ rN++ Dex+3}
rPois    +         Spirit   .   (helmet unavailable)
rElec    .         Reflect  +   D - scarf {+Inv}
rCorr    .         Harm     .   b - +2 pair of gloves
MR       +++..                  (no boots)
Stlth    ++........             w - amulet of reflection
HPRegen  1.34/turn              x - ring of the Tortoise {rC- Str+4 Dex+3 Slay+2 Stlth+}
MPRegen  0.20/turn              T - +4 ring of slaying

@: mighty, about to teleport, berserk cooldown, very slightly contaminated,
regenerating, hasted and slowed
A: horns 3, icy blue scales 3, agile 2, cold resistance 1, poison resistance,
spiny 2, weak 1, augmentation 1
a: Berserk, Trog's Hand, Brothers in Arms, Renounce Religion, Evoke Invisibility


You were on level 4 of the Spider Nest.
You worshipped Trog.
Trog was exalted by your worship.
You were very hungry.

You visited 4 branches of the dungeon, and saw 27 of its levels.

You collected 2970 gold pieces.
You spent 1347 gold pieces at shops.

Inventory:

Hand Weapons
 a - a +4 broad axe of venom (weapon)
 r - a +0 vampiric executioner's axe
Missiles
 e - 4 throwing nets
 l - 6 curare-tipped darts (quivered)
 E - 27 javelins
Armour
 b - a +2 pair of gloves (worn)
 t - a +3 buckler of protection (worn)
 y - the +3 chain mail "Gygiagay" {+Fly Str+5 Dex-3 SInv}
   (You found it on level 10 of the Dungeon)

   It affects your strength (+5).
   It affects your dexterity (-3).
   It lets you see invisible.
   It lets you fly.
 D - a scarf of invisibility (worn)
 P - +0 fire dragon scales
 R - the +5 scale mail of Whack-A-Mole (worn) {rF+ rN++ Dex+3}
   (You found it on level 13 of the Dungeon)

   It affects your dexterity (+3).
   It protects you from fire.
   It greatly protects you from negative energy.
Jewellery
 i - an uncursed ring of protection from magic
 s - an uncursed ring of see invisible
 w - an amulet of reflection (around neck)
 x - the ring of the Tortoise (left hand) {rC- Str+4 Dex+3 Slay+2 Stlth+}
   (You acquired it on level 2 of the Spider Nest)

   [ring of stealth]

   It affects your strength (+4).
   It affects your dexterity (+3).
   It affects your accuracy and damage with ranged weapons and melee attacks
   (+2).
   It makes you vulnerable to cold.
   It makes you more stealthy.
 F - a +4 ring of protection
 G - an uncursed ring of fire
 T - a +4 ring of slaying (right hand)
 U - an uncursed ring of resist corrosion
Wands
 j - a wand of paralysis (10)
 n - a wand of digging (13)
 u - a wand of polymorph (3)
 v - a wand of disintegration (16)
 z - a wand of random effects (19)
 B - a wand of flame (7)
 H - a wand of acid (5)
 I - a wand of clouds (6)
 L - a wand of iceblast (7)
 N - a wand of enslavement (10)
Scrolls
 h - 8 scrolls of identify
 o - 7 scrolls of fog
 p - 12 scrolls of teleportation
 q - 13 scrolls of remove curse
 C - a scroll of enchant weapon
 Q - a scroll of silence
 W - 2 scrolls of enchant armour
 X - a scroll of fear
Potions
 d - 2 potions of invisibility
 f - 3 potions of curing
 g - 2 potions of might
 k - 6 potions of flight
 m - 3 potions of resistance
 A - a potion of haste
 J - a potion of mutation
 M - 4 potions of lignification
 S - a potion of heal wounds
Miscellaneous
 Y - a phantom mirror
Comestibles
 c - 45 rations
 K - 6 chunks of flesh


   Skills:
 + Level 16.0 Fighting
 + Level 14.9 Axes
 + Level 14.8 Armour
 - Level 1.8 Dodging
 - Level 8.7 Shields
 + Level 12.8 Evocations


You had 16 spell levels left.
You didn't know any spells.
Your spell library was empty.

Dungeon Overview and Level Annotations

Branches:
Dungeon (15/15)            Temple (0/1) D:7            Lair (6/6) D:9
 Spider (4/4) Lair:4        Slime (0/5) Lair:6          Orc (2/2) D:11
    Elf (0/3) Orc:2        Vaults (0/5) D:14         Depths (0/5) D:15
  Swamp: Lair:2-4    Shoals: Lair:2-4

Altars:
Ashenzari
Dithmenos
Kikubaaqudgha
Qazlal
Ru
Sif Muna
Trog
Wu Jian
Xom
Yredelemnul
The Shining One
Beogh

Shops:
D:4 (([=   D:5 %   D:12 %   Orc:1 *   Orc:2 *[%}

Portals:
Pandemonium: Orc:2

Annotations:
D:13 1 runed translucent door, Xasset's ghost, journeyman FoFi
Lair:5 exclusion: oklob plant
Abyss:1 Arachne


Innate Abilities, Weirdness & Mutations

You have a pair of large horns on your head.
You are completely covered in icy blue scales. (AC +4, rC+)
Your flesh is cold resistant. (rC+)
You are mostly covered in sharp spines.
Your magical and physical power is slightly enhanced at high health.
You are very agile. (Dex +4)
Your system is resistant to poisons. (rPois)
You are weak. (Str -2)


Message History

You feel you are being watched by something.
You slice the jumping spider!!
The jumping spider looks as sick as possible!
You headbutt the jumping spider!
You kill the jumping spider!
Trog accepts your kill.
You feel sick.
You hear a shout!
Your iron troll is caught in a web!
As you read the scroll of teleportation, it crumbles to dust.
You feel strangely unstable.
You feel sick.
The spark wasp bursts into living lightning!
The living lightning hits something!
The living lightning hits you!
* * * LOW HITPOINT WARNING * * *
The spark wasp blinks! x2
Your iron troll struggles to get unstuck from the web.
You feel better. The spark wasp stings you.
* * * LOW HITPOINT WARNING * * *
The spark wasp shocks you!
You die...

####.^... ^≈^^...... ..###
^....%.... .≈.≈### .....^../
......# .....≈.. .....≈# ≈
.^^≈######## ...^..^
####..^≈.....######## .......
..^^≈....^^^..^.@y≈?#####^.^....
^......^..^...#.†...†§†..^##≈.
........^..^........†.?T.T..^...
.......^......#.....†††....[....
......≈....^.^†.†...........)...
......########..†.......^.......
####....≈^≈^####^....≈##^.≈≈...^
..^^.......## ###^..##≈.##.....
....^.....## ##### ... ≈...^


You could see a spark wasp (poisoned) and a friendly iron troll (summoned,
berserk, webbed).

Vanquished Creatures
  Rupert (D:12)
  Gastronok (Lair:3)
  Kirke (Spider:1)
  Donald (Spider:3)
  2 ghost moths
  5 emperor scorpions
  Louise (Spider:3)
  Nessos (D:13)
  2 entropy weavers
  Azrael (Spider:1)
  3 spark wasps (Spider:4)
  The ghost of Rakdos the Cruncher, a journeyman MiBe of Trog (Lair:4)
  A fire dragon (Lair:6)
  Harold (D:7)
  4 hydras
  8 vault guards (D:14)
  6 centaur warriors
  An anaconda (Lair:6)
  A catoblepas (D:11)
  Erica (D:9)
  10 two-headed ogres
  A death knight (D:11)
  12 death yaks
  A vampire mage (D:15)
  6 orc high priests
  Urug (D:12)
  Sonja (Lair:3)
  A fire crab (Lair:6)
  A skeletal warrior (D:15)
  7 unseen horrors
  2 lindwurms (Lair:6)
  An infernal demonspawn (Orc:2)
  31 wolf spiders
  Pikel (D:5)
  6 orc knights
  2 necromancers
  6 ugly things
  An iron dragon zombie (D:15)
  18 orb spiders
  A frost giant zombie (D:15)
  6 orc sorcerers (Orc:2)
  2 deep elf magi
  3 manticores
  A moth of wrath (Spider:4)
  13 black mambas
  6 elephants (Lair:6)
  A guardian serpent (Lair:6)
  A guardian serpent (shapeshifter) (D:15)
  5 torpor snails (Lair:6)
  2 gargoyles
  11 spiny frogs
  2 centaur skeletons
  A yaktaur zombie (D:15)
  4 komodo dragons
  4 kobold demonologists
  6 yaktaurs
  3 ice devils (Orc:2)
  10 demonic crawlers
  An efreet (D:15)
  3 tengu conjurers
  35 jumping spiders
  A guardian mummy (D:15)
  3 tyrant leeches (Lair:6)
  A merfolk (D:9)
  2 red devils (Orc:2)
  12 trolls
  2 polar bears
  Prince Ribbit (D:8)
  14 hornets
  2 dream sheep (Lair:4)
  4 slime creatures (D:12)
  7 hippogriffs
  7 blink frogs
  23 tarantellas
  2 water elementals (D:13)
  A wraith (D:14)
  A spriggan skeleton (D:15)
  12 yaks
  A shadow (D:14)
  11 wyverns
  78 redbacks
  A spriggan (Lair:6)
  Eustachio (D:5)
  2 vampires
  3 hogs (Spider:1)
  2 fire elementals (Spider:1)
  7 basilisks
  A human (Spider:1)
  2 hungry ghosts
  A steam dragon (Lair:3)
  A neqoxec (Orc:2)
  A golden eye (shapeshifter) (D:15)
  5 vampire mosquitoes
  2 wargs
  An acid dragon (D:14)
  5 hell hounds (Spider:1)
  13 water moccasins
  2 ice beasts
  8 porcupines
  A slave (D:5)
  2 black bears
  33 orc warriors
  A necrophage (D:11)
  An eye of draining (D:14)
  3 phantoms
  14 centaurs
  12 ogres
  9 crocodiles
  2 big kobolds
  18 bullfrogs
  A wyvern zombie (D:12)
  A water moccasin zombie (D:6)
  A wyvern skeleton (D:13)
  4 scorpions
  27 killer bees
  9 wights
  3 howler monkeys
  5 electric eels
  7 crimson imps
  A quasit (D:6)
  8 hounds
  4 centaur zombies
  2 bullfrog zombies
  7 jellies
  27 orc priests
  5 bullfrog skeletons
  4 iguanas
  16 orc wizards
  9 worker ants
  7 yak simulacra (Lair:5)
  2 killer bee zombies (D:7)
  A wolf simulacrum (Lair:5)
  3 hound zombies
  2 hound skeletons
  7 gnolls
  8 adders
  4 shadow imps
  An ooze (Lair:6)
  2 adder zombies
  3 adder skeletons
  A worm (D:2)
  8 leopard geckos
  72 orcs
  3 bats
  5 giant cockroaches
  3 hobgoblins (D:2)
  3 jackals
  4 quokkas
  6 frilled lizards
  6 goblins
  19 kobolds
  A leopard gecko skeleton (D:4)
  8 rats
  3 river rat simulacra (Lair:5)
  A fire vortex (D:14)
  A fungus (Lair:2)
  4 plants (Lair:6)
941 creatures vanquished.

Vanquished Creatures (collateral kills)
  Frances (Spider:1)
  Agnes (Spider:3)
  Roxanne (Spider:3)
  2 orb spiders (Spider:4)
  4 wolf spiders
  2 jumping spiders (Spider:3)
  A redback (Spider:3)
  2 tarantellas (Spider:3)
14 creatures vanquished.

Vanquished Creatures (others)
  A spiny frog (Lair:6)
  A hippogriff (Lair:6)
  A blink frog (Lair:6)
  2 humans (Spider:1)
  A worker ant (D:5)
  A howler monkey skeleton (D:5)
  An adder (D:5)
  A leopard gecko (D:5)
  A giant cockroach (D:3)
  2 jackals (D:3)
  A jackal skeleton (D:5)
  2 rats (D:3)
  A bush (Lair:6)
  14 fungi
  40 plants (Lair:6)
  A withered plant (D:13)
71 creatures vanquished.

Grand Total: 1026 creatures vanquished

Notes
Turn   | Place    | Note
-------+----------+-------------------------------------------
     0 | D:1      | nikku the Demonspawn Berserker began the quest for the Orb.
     0 | D:1      | Reached XP level 1. HP: 18/18 MP: 1/1
   301 | D:1      | Gained mutation: You have a pair of small horns on your
                  | head. [demonic ancestry]
   301 | D:1      | Reached XP level 2. HP: 21/24 MP: 2/2
   708 | D:1      | Found a glowing golden altar of the Shining One.
  1108 | D:1      | Reached ** piety under Trog
  1584 | D:2      | Reached XP level 3. HP: 20/29 MP: 3/3
  2549 | D:3      | Reached XP level 4. HP: 28/37 MP: 4/4
  2557 | D:3      | Reached skill level 4 in Fighting
  3062 | D:4      | Found a shadowy altar of Dithmenos.
  3070 | D:4      | Reached XP level 5. HP: 35/42 MP: 5/5
  3188 | D:4      | Found an ancient bone altar of Kikubaaqudgha.
  3224 | D:4      | Found Warer's Jewellery Shop.
  3232 | D:4      | Bought an uncursed ring of see invisible for 165 gold
                  | pieces
  3332 | D:4      | Found a bloodstained altar of Trog.
  3501 | D:4      | Found Tosim's Armour Shoppe.
  3586 | D:4      | Found Pizahin's Antique Weapon Boutique.
  3600 | D:4      | Bought a broad axe for 72 gold pieces
  3611 | D:4      | Found Jysha's Antique Weapon Boutique.
  3812 | D:5      | Entered Level 5 of the Dungeon
  3812 | D:5      | Found Cibbimea's Food Shop.
  3815 | D:5      | Noticed a slave
  3831 | D:5      | Killed a slave
  3845 | D:5      | Noticed Pikel
  3850 | D:5      | Noticed a slave
  3852 | D:5      | Noticed a slave
  3857 | D:5      | Noticed a slave
  3859 | D:5      | Killed Pikel
  3859 | D:5      | Reached skill level 5 in Fighting
  3859 | D:5      | Gained mutation: You are partially covered in sharp spines.
                  | [demonic ancestry]
  3859 | D:5      | Reached XP level 6. HP: 51/51 MP: 6/6
  3859 | D:5      | Gained mutation: You are mostly covered in sharp spines.
                  | [demonic ancestry]
  3859 | D:5      | Reached XP level 7. HP: 56/56 MP: 7/7
  3871 | D:5      | Reached skill level 5 in Axes
  4218 | D:5      | Noticed Eustachio
  4228 | D:5      | Killed Eustachio
  4228 | D:5      | Reached skill level 1 in Shields
  4298 | D:5      | Reached skill level 5 in Armour
  4524 | D:6      | Gained mutation: You have a pair of horns on your head.
                  | [demonic ancestry]
  4524 | D:6      | Reached XP level 8. HP: 54/64 MP: 8/8
  4636 | D:6      | Reached skill level 6 in Fighting
  4738 | D:6      | Reached *** piety under Trog
  5285 | D:6      | Found an ornate altar of the Wu Jian Council.
  5850 | D:7      | Noticed Harold
  5866 | D:7      | Killed Harold
  5866 | D:7      | Reached skill level 7 in Fighting
  5866 | D:7      | Reached XP level 9. HP: 38/72 MP: 9/9
  6056 | D:7      | Found a staircase to the Ecumenical Temple.
  6912 | D:8      | Noticed a two-headed ogre
  6918 | D:8      | Noticed a two-headed ogre
  6928 | D:8      | Killed a two-headed ogre
  6928 | D:8      | Reached skill level 8 in Fighting
  6928 | D:8      | Reached skill level 5 in Shields
  6932 | D:8      | Killed a two-headed ogre
  6932 | D:8      | Gained mutation: You are partially covered in icy blue
                  | scales. (AC +2) [demonic ancestry]
  6932 | D:8      | Reached XP level 10. HP: 28/80 MP: 10/10
  7243 | D:8      | Noticed Prince Ribbit
  7252 | D:8      | Killed Prince Ribbit
  7426 | D:8      | Noticed a two-headed ogre
  7433 | D:8      | Killed a two-headed ogre
  7542 | D:8      | Found a stormy altar of Qazlal.
  7568 | D:8      | Reached **** piety under Trog
  7926 | D:9      | Found a shimmering blue altar of Sif Muna.
  7952 | D:9      | Noticed Erica
  7960 | D:9      | Killed Erica
  7960 | D:9      | Reached skill level 9 in Fighting
  8039 | D:9      | Found a staircase to the Lair.
  8113 | D:9      | Found a shimmering altar of Xom.
  8113 | D:9      | Found a bloodstained altar of Trog.
  8145 | D:9      | Found a shattered altar of Ashenzari.
  8690 | D:9      | Gained mutation: Your flesh is cold resistant. (rC+)
                  | [demonic ancestry]
  8690 | D:9      | Reached XP level 11. HP: 80/89 MP: 11/11
  8896 | D:9      | Found a basalt altar of Yredelemnul.
  9090 | D:10     | Entered Level 10 of the Dungeon
  9090 | D:10     | Noticed an unseen horror
  9101 | D:10     | Killed an unseen horror
  9174 | D:10     | Got a heavily runed chain mail
  9185 | D:10     | Identified the +3 chain mail "Gygiagay" {+Fly Str+5 Dex-3
                  | SInv} (You found it on level 10 of the Dungeon)
  9211 | D:10     | Noticed a two-headed ogre
  9211 | D:10     | Noticed an unseen horror
  9221 | D:10     | Killed a two-headed ogre
  9229 | D:10     | Killed an unseen horror
  9299 | D:10     | Reached ***** piety under Trog
  9799 | D:10     | Noticed an unseen horror
  9803 | D:10     | Killed an unseen horror
  9803 | D:10     | Reached skill level 10 in Fighting
 10086 | D:11     | Noticed a death knight
 10110 | D:11     | Killed a death knight
 10349 | D:11     | Noticed a catoblepas
 10377 | D:11     | Noticed an orc knight
 10380 | D:11     | Killed a catoblepas
 10401 | D:11     | Noticed a two-headed ogre
 10405 | D:11     | Found a staircase to the Orcish Mines.
 10833 | D:11     | Noticed a two-headed ogre
 10847 | D:11     | Killed a two-headed ogre
 10847 | D:11     | Reached XP level 12. HP: 86/99 MP: 12/12
 11204 | D:11     | Paralysed by an orc warrior for 7 turns
 11338 | D:11     | Reached skill level 10 in Axes
 11369 | D:11     | Killed a two-headed ogre
 11694 | D:11     | Noticed a two-headed ogre
 11704 | D:11     | Killed a two-headed ogre
 11704 | D:11     | Reached skill level 11 in Fighting
 11704 | D:11     | Reached skill level 10 in Armour
 12107 | Lair:1   | Entered Level 1 of the Lair of Beasts
 12115 | Lair:1   | Reached skill level 1 in Evocations
 13229 | Lair:1   | You fall into a shaft and drop 1 floor!
 14656 | Lair:3   | Noticed Sonja
 14673 | Lair:3   | Killed Sonja
 15032 | Lair:3   | Noticed a death yak
 15036 | Lair:3   | Noticed a death yak
 15046 | Lair:3   | Noticed a death yak
 15052 | Lair:3   | Killed a death yak
 15057 | Lair:3   | Killed a death yak
 15058 | Lair:3   | Killed a death yak
 15513 | Lair:3   | Noticed a six-headed hydra
 15532 | Lair:3   | Killed a 15-headed hydra
 15532 | Lair:3   | Reached XP level 13. HP: 66/107 MP: 16/16
 15781 | Lair:3   | Noticed Gastronok
 15805 | Lair:3   | Killed Gastronok
 16349 | Lair:4   | Found a transporter.
 16352 | Lair:4   | Noticed Rakdos's ghost (journeyman MiBe)
 16379 | Lair:4   | Found a transporter.
 16407 | Lair:4   | Killed Rakdos's ghost
 16568 | Lair:4   | Reached skill level 5 in Evocations
 16625 | Lair:3   | Reached skill level 12 in Fighting
 16999 | Lair:4   | Found a hole to the Spider Nest.
 17180 | Lair:5   | Received a gift from Trog
 18015 | Lair:6   | Entered Level 6 of the Lair of Beasts
 18311 | Lair:6   | Gained mutation: You are mostly covered in icy blue scales.
                  | (AC +3) [demonic ancestry]
 18311 | Lair:6   | Reached XP level 14. HP: 73/116 MP: 19/19
 19129 | Lair:6   | Received a gift from Trog
 19224 | Lair:6   | Reached skill level 13 in Fighting
 19568 | Lair:6   | Found a runed translucent door.
 20434 | Lair:6   | Found a staircase to the Slime Pits.
 21201 | D:4      | Bought a +4 ring of slaying for 858 gold pieces
 21337 | Orc:1    | Entered Level 1 of the Orcish Mines
 21781 | Orc:2    | Entered Level 2 of the Orcish Mines
 21911 | Orc:2    | Found a staircase to the Elven Halls.
 22302 | Orc:2    | Found Witecim's General Store.
 22313 | Orc:2    | Found Pofira's Food Shoppe.
 22326 | Orc:2    | Gained mutation: You are frail. (-10% HP) [a neqoxec]
 22504 | Orc:1    | Found Inkeinad's Assorted Antiques.
 22522 | Orc:1    | Bought a scroll of teleportation for 72 gold pieces
 22522 | Orc:1    | Bought a scroll of enchant weapon for 180 gold pieces
 22793 | Orc:2    | Received a gift from Trog
 23122 | Orc:2    | Gained mutation: You are completely covered in icy blue
                  | scales. (AC +4, rC+) [demonic ancestry]
 23122 | Orc:2    | Reached XP level 15. HP: 65/112 MP: 21/21
 23123 | Orc:2    | Found Koido's Gadget Boutique.
 23123 | Orc:2    | Found Pumum's Antique Armour Shop.
 23137 | Orc:2    | Found a one-way gate leading to the halls of Pandemonium.
 23857 | D:12     | Noticed Urug
 23878 | D:12     | Killed Urug
 24639 | D:12     | You fall into a shaft and drop 3 floors!
 24639 | D:15     | Entered Level 15 of the Dungeon
 24643 | D:15     | Reached skill level 14 in Fighting
 25254 | D:15     | Reached skill level 10 in Evocations
 25538 | D:15     | Identified Quwic's Tome of Earthen Malediction
 25596 | D:15     | Found a staircase to the Depths.
 25898 | D:15     | Found a sacrificial altar of Ru.
 26077 | D:14     | Found a stormy altar of Qazlal.
 26094 | D:14     | Received a gift from Trog
 26221 | D:14     | Found a gate to the Vaults.
 27318 | D:13     | Noticed Nessos
 27328 | D:13     | Killed Nessos
 27820 | D:13     | Lost mutation: You are frail. (-10% HP) [potion of
                  | mutation]
 27820 | D:13     | Gained mutation: You are agile. (Dex +2) [potion of
                  | mutation]
 27820 | D:13     | Gained mutation: Your muscles are strong. (Str +2) [potion
                  | of mutation]
 27820 | D:13     | Lost mutation: Your muscles are strong. (Str +2) [potion of
                  | mutation]
 27820 | D:13     | Gained mutation: You have a pair of large horns on your
                  | head. [potion of mutation]
 28032 | D:13     | Gained mutation: You are weak. (Str -2) [a neqoxec]
 28034 | D:13     | Lost mutation: You are weak. (Str -2) [potion of mutation]
 28034 | D:13     | Lost mutation: You have a pair of large horns on your head.
                  | [potion of mutation]
 28034 | D:13     | Gained mutation: You are weak. (Str -2) [potion of
                  | mutation]
 28034 | D:13     | Gained mutation: You are very agile. (Dex +4) [potion of
                  | mutation]
 28034 | D:13     | Gained mutation: Your system is resistant to poisons.
                  | (rPois) [potion of mutation]
 28285 | D:13     | Got a dazzling scale mail
 28296 | D:13     | Identified the +5 scale mail of Whack-A-Mole {rF+ rN++
                  | Dex+3} (You found it on level 13 of the Dungeon)
 28490 | D:13     | Gained mutation: You have a pair of large horns on your
                  | head. [demonic ancestry]
 28490 | D:13     | Reached XP level 16. HP: 107/134 MP: 24/24
 28576 | D:13     | Found a roughly hewn altar of Beogh.
 28597 | D:13     | Found a runed translucent door.
 28597 | D:13     | Noticed Xasset's ghost (journeyman FoFi)
 28820 | D:12     | Noticed Rupert
 28829 | D:12     | Killed Rupert
 28936 | D:12     | Found Pire's Food Shop.
 28987 | D:12     | Identified the Collected Works on Fire and Malediction
 29373 | Spider:1 | Entered Level 1 of the Spider Nest
 29462 | Spider:1 | Noticed Kirke
 29474 | Spider:1 | Killed Kirke
 29484 | Spider:1 | Noticed Frances
 29489 | Spider:1 | Killed Frances
 30263 | Spider:1 | Reached skill level 15 in Fighting
 30448 | Spider:1 | Noticed Azrael
 30467 | Spider:1 | Killed Azrael
 32878 | Spider:2 | Identified a scroll of acquirement
 32878 | Spider:2 | Acquired the ring of the Tortoise {rC- Str+4 Dex+3 Slay+2
                  | Stlth+}
 32885 | Spider:3 | Identified Roxanne's Compendium of Shape Shifting
 32885 | Spider:3 | Noticed Roxanne
 32901 | Spider:3 | Killed Roxanne
 32944 | Spider:3 | Reached ****** piety under Trog
 32952 | Spider:3 | Noticed Louise
 32962 | Spider:3 | Noticed Arachne
 32964 | Spider:3 | HP: 2/136 [wolf spider (9)]
 32973 | Spider:2 | HP: 6/136 [jumping spider (15)]
 33357 | Spider:3 | Noticed Agnes
 33364 | Spider:3 | Banished Arachne
 33369 | Spider:3 | Killed Agnes
 33377 | Spider:3 | Killed Louise
 33667 | Spider:3 | Noticed Donald
 33686 | Spider:3 | Killed Donald
 33686 | Spider:3 | Gained mutation: Your magical and physical power is
                  | slightly enhanced at high health. [demonic ancestry]
 33686 | Spider:3 | Reached XP level 17. HP: 33/142 MP: 26/26
 33710 | Spider:3 | HP: 7/142 [poisoned by Donald]
 33716 | Spider:3 | HP: 6/142 [poisoned by Donald]
 33724 | Spider:3 | HP: 6/142 [poisoned by Donald]
 33732 | Spider:3 | HP: 6/142 [poisoned by Donald]
 34280 | Spider:4 | Entered Level 4 of the Spider Nest
 34381 | Spider:4 | Received a gift from Trog
 35623 | Spider:4 | Reached skill level 16 in Fighting
 35643 | Spider:4 | HP: 2/144 [spark wasp/living lightning (11)]
 35644 | Spider:4 | Slain by a spark wasp

Illustrated notes

Levels and vault maps discovered:
D:1:      minmay_arrival_loop, layout_basic, tso_metal_star
D:2:      layout_rooms, minmay_vboxes
D:3:      layout_basic, lemuel_flame_loot_1, uniq_sigmund
D:4:      layout_loops_ring, grunt_dithmenos_smoke_and_mirrors,
          old_standard_altar, serial_shops, nicolae_shop_behind_doors,
          shop_coins, shop, nicolae_shop_statue_plus, trog_butcher_becter
D:5:      layout_cave_pools, serial_shops, shop, first_ration, uniq_pikel,
          uniq_eustachio
D:6:      layout_layer_cave, lemuel_doored_altar, st_stairs_11
D:7:      layout_loops_corners, minmay_temple_entry_offerings, uniq_harold
D:8:      layout_loops_cross, lemuel_crystal_altar, minmay_circle_x,
          uniq_prince_ribbit1
D:9:      lemuel_upstairs_altar, layout_cross, kennysheep_mini,
          old_standard_altar, gammafunk_temple_overflow_elements,
          david_lair_generic, hangedman_fish_farm, ashenzari_altar_1, uniq_erica
D:10:     layout_loops_ring
D:11:     minmay_the_grid_octo_tiled_octocenter
          [minmay_the_grid_octo_fan_narrow, minmay_the_grid_octo_clover_2,
          minmay_the_grid_octo_thin_diamonds, minmay_the_grid_octo_clover,
          minmay_the_grid_octo_prize_big_c, minmay_the_grid_square_5x5_two,
          minmay_the_grid_square_5x5_sharp_hourglass,
          minmay_the_grid_square_5x5_broken_cross,
          minmay_the_grid_square_5x5_spiral_small], layout_layer_cave,
          orc_0_dummy
D:12:     layout_loops_ring, serial_shops, shop, uniq_urug, uniq_psyche,
          uniq_rupert
D:13:     layout_long_grid, gammafunk_ghost_grave, amethyst_killhole,
          minivault_14, david_defended_altar_orc, uniq_nessos
D:14:     kennysheep_cluttered_fort, layout_cave_pods, erik_vaults_2,
          basic_altar
D:15:     gammafunk_depths_entry_grave, layout_long_grid, lemuel_round_altar
Lair:1:   layout_cave_pods
Lair:2:   layout_cave_shapes
Lair:3:   layout_chaotic_city, lemuel_fruit_fields, uniq_sonja, uniq_gastronok
Lair:4:   layout_regular_city, minmay_shoals_entry_hut, spider_nest_entry_a,
          gammafunk_ghost_arena, grunt_megastairs_5
Lair:5:   dpeg_oklob_gauntlet, layout_small_grid, minivault_11, minivault_19,
          minmay_stone_trees_small, eino_house_with_fridge
Lair:6:   wormcave, layout_cave_pods, hangedman_lair_tendril_chambers,
          nicolae_slime_entry_slimehenge, grunt_forest_large_clearing_hut
Spider:1: layout_spider_delve, uniq_frances, uniq_kirke, uniq_azrael
Spider:2: layout_spider_delve, drop_trap, hive_lemuel
Spider:3: layout_spider_delve, uniq_arachne, uniq_louise, uniq_roxanne,
          uniq_donald, uniq_agnes
Spider:4: grunt_spider_rune_parallel
Orc:1:    layout_diamond_mine, serial_shops, shop_fountains
Orc:2:    pf_orc_diabolical, layout_caves

Skill      XL: |  1  2  3  4  5  6  7  8  9 10 11 12 13 14 15 16 17 |
---------------+----------------------------------------------------+-----
Armour         | 2 3 4 5 6 7 8 9 10 11 12 13 14 | 14.8
Axes           | 3 4 5 6 7 8 9 10 11 12 13 14 | 14.9
Fighting       | 4 5 7 8 9 10 11 12 13 14 15 16 | 16.0
Shields        | 1 3 5 6 8 |  8.7
Evocations     | 4 7 9 10 12 | 12.8
Dodging        | |  1.8

Action                   |  1- 3 |  4- 6 |  7- 9 | 10-12 | 13-15 | 16-18 || total
-------------------------+-------+-------+-------+-------+-------+-------++-------
Melee: Hand axe          |   110 |    60 |       |       |       |       ||   170
       Headbutt          |    10 |     9 |    32 |   128 |   222 |   158 ||   559
       Broad axe         |       |    16 |   157 |   535 |   989 |   468 ||  2165
Throw: Dart              |       |     5 |       |    35 |    43 |       ||    83
       Javelin           |       |       |       |       |       |     2 ||     2
Invok: Berserk           |     1 |     3 |     2 |    10 |    16 |     5 ||    37
       Trog's Hand       |       |     2 |     4 |     9 |    23 |     8 ||    46
       Brothers in Arms  |       |       |       |       |       |     4 ||     4
 Abil: Evoke Invisibilit |       |       |       |       |       |     1 ||     1
Evoke: Wand              |       |       |       |     1 |     1 |       ||     2
  Use: Scroll            |     1 |     2 |     7 |    14 |    15 |     5 ||    44
       Potion            |       |       |       |     1 |    16 |     8 ||    25
 Stab: Sleeping          |     2 |       |       |       |       |       ||     2
       Paralysed         |       |       |       |     1 |       |       ||     1
       Invisible         |       |       |       |       |       |     2 ||     2
       Distracted        |       |       |       |       |       |     2 ||     2
  Eat: Chunk             |     2 |     3 |     8 |    22 |    53 |    17 ||   105
       Ration            |     1 |     1 |     2 |     6 |     4 |     4 ||    18
Armor: Animal skin       |    10 |       |       |       |       |       ||    10
       Leather armour    |     9 |    17 |     6 |       |       |       ||    32
       Chain mail        |       |       |    45 |   244 |   508 |       ||   797
       Ring mail         |       |       |    10 |       |       |       ||    10
       Scale mail        |       |       |       |       |     3 |   300 ||   303
Dodge: Dodged            |    73 |    39 |    56 |   163 |   269 |   225 ||   825
Block: Buckler           |       |    12 |   120 |   418 |   628 |   431 ||  1609
       Reflection        |       |       |       |    26 |    43 |     2 ||    71
